 Dungeon Crawl Stone Soup version 0.29-a0-334-gb41bcbb86e (webtiles) character file.

Game seed: 11833484366874587393

191 pkoi the Gusty (level 5, -3/38 HPs)
             Began as a Demigod Air Elementalist on Apr 15, 2022.
             Killed from afar by an orc wizard (7 damage)
             ... with a puff of flame
             ... on level 4 of the Dungeon.
             The game lasted 00:04:45 (5534 turns).

pkoi the Gusty (Demigod Air Elementalist)           Turns: 5534, Time: 00:04:46

Health: -3/38      AC:  2    Str:  9    XL:     5   Next: 18%
Magic:  6/11       EV: 12    Int: 21    God:
Gold:   682        SH:  0    Dex: 14    Spells: 2/8 levels left

rFire   . . .      SeeInvis .   f - +0 whip
rCold   . . .      Faith    .   (no shield)
rNeg    . . .      Spirit   .   a - +0 robe
rPois   .          Reflect  .   (no helmet)
rElec   .          Harm     .   (no cloak)
rCorr   .          Rampage  .   (no gloves)
Will    .....                   (no boots)
Stlth   +.........              j - amulet of the acrobat
HPRegen 0.12/turn               (no ring)
MPRegen 0.12/turn               (no ring)

@: confused
A: high MP 1, forlorn, divine attributes
a: no special abilities


You were on level 4 of the Dungeon.
You visited 1 branch of the dungeon, and saw 4 of its levels.

You collected 682 gold pieces.

Inventory:

Hand Weapons
 f - a +0 whip (weapon)
Armour
 a - a +0 robe (worn)
Jewellery
 j - an amulet of the acrobat (around neck)
Wands
 d - a wand of flame (4)
Scrolls
 e - 3 scrolls of identify
 n - a scroll of teleportation
Potions
 b - 2 potions of magic
 c - 3 potions of lignification
 g - a potion of attraction
 h - a potion of resistance
 i - 2 potions of might
 k - a potion of flight
 l - a potion of degeneration {unknown}
 m - a potion of haste


   Skills:
 - Level 1.7 Dodging
 - Level 1.7 Stealth
 + Level 2.4 Spellcasting
 - Level 2.0 Conjurations
 + Level 1.1 Ice Magic
 + Level 4.6 Air Magic


You had 2 spell levels left.
You knew the following spells:

 Your Spells              Type           Power      Damage    Failure   Level
a - Shock                 Conj/Air       64%        1d7       3%          1
b - Static Discharge      Conj/Air       16%        N/A       5%          2
c - Frozen Ramparts       Ice            14%        1d3       26%         3

Your spell library contained the following spells:

 Spells                   Type           Power      Damage    Failure   Level
 Animate Skeleton         Necr           4%         N/A       14%         1
 Pain                     Necr           8%         1d4       14%         1
 Summon Small Mammal      Summ           8%         N/A       14%         1
 Swiftness                Air            22%        N/A       6%          3
 Airstrike                Air            11%        N/A       21%         4
 Ozocubu's Armour         Ice            7%         N/A       26%         3
 Call Canine Familiar     Summ           2%         N/A       38%         3
 Summon Guardian Golem    Hex/Summ       2%         N/A       38%         3
 Vampiric Draining        Necr           2%         2d6       38%         3
 Ice Form                 Ice/Tmut       4%         N/A       73%         4
 Summon Ice Beast         Ice/Summ       4%         N/A       73%         4
 Ozocubu's Refrigeration  Ice            3%         4d5       100%        7


Dungeon Overview and Level Annotations

Branches:
Dungeon (4/15)
 Temple: D:4-7

Annotations:
D:4 3 runed translucent doors, siradein's ghost, amateur DrHu


Innate Abilities, Weirdness & Mutations

You have an increased reservoir of magic. (+10% MP)
You shall have no god before yourself.
Your divine heritage dramatically boosts your attributes as you level up.


Message History

The adder is moderately wounded.
The zap misses the adder.
The orc priest shouts!
The zap misses the adder.
The zap misses the adder.
The adder bites you.
You are poisoned.
The adder poisons you!
The zap hits the adder.
The adder is severely wounded.
You feel sick. The adder closely misses you.
The zap hits the adder.
You kill the adder!
The zap hits the orc priest.
The orc priest is moderately wounded.
You feel sick.
The orc priest calls down the wrath of Beogh upon you.
Pain shoots through your body!
You feel sick.
You feel sick.
You feel sick.
You feel sick.
You are no longer poisoned.
The orc priest looks satisfied for a moment.
An endoplasm is nearby!
The orc wizard shouts!
The orc wizard gestures at you while chanting.
You are confused.
The endoplasm quivers.
The orc priest begins to cast a cantrip, but forgets the words!
The orc priest invokes the aid of Beogh against you.
Beogh smites you!
* * * LOW HITPOINT WARNING * * *
The orc wizard hits you with a +1 dagger of holy wrath.
* * * LOW HITPOINT WARNING * * *
The endoplasm completely misses you.
You hit the orc wizard.
The orc wizard is lightly wounded.
The orc wizard points at you and mumbles some strange words.
The puff of flame hits you!
You die...

....... ##...........#....
....... #................#
.......
##................#
.......
##................## .....
#..................# ...
##................... #o##
#..[................. #..#
#....o.<............#
##.###...@J.............##
##.#...........<......##
#.#.o...........>...##
##.............###.##
#..#.......#####..# #
##.##..##### #..## #
##[.#### ##.## #
##...##########..# #
##...............## #


You could see an orc priest, an orc wizard and an endoplasm.

Vanquished Creatures
  2 orc wizards
  3 gnolls (D:4)
  3 adders
  A white imp (D:3)
  A worm (D:3)
  3 dart slugs
  8 orcs
  7 endoplasms
  3 giant cockroaches
  5 goblins
  6 hobgoblins
  4 quokkas
  7 ball pythons
  A bat (D:1)
  7 frilled lizards
  2 kobolds
  4 rats
67 creatures vanquished.

Notes
Turn   | Place    | Note
-------+----------+-------------------------------------------
     0 | D:1      | pkoi the Demigod Air Elementalist began the quest for the
                  | Orb.
     0 | D:1      | Reached XP level 1. HP: 14/14 MP: 5/5
   416 | D:1      | Reached skill level 3 in Air Magic
   661 | D:1      | Reached XP level 2. HP: 20/20 MP: 2/7
   734 | D:1      | Identified a scroll of acquirement
  1401 | D:2      | Acquired 463 gold pieces
  1504 | D:2      | Reached skill level 4 in Air Magic
  1504 | D:2      | Reached XP level 3. HP: 22/26 MP: 1/8
  1665 | D:2      | Learned a level 2 spell: Static Discharge
  2545 | D:2      | Reached skill level 1 in Conjurations
  2921 | D:3      | Reached XP level 4. HP: 26/33 MP: 0/9
  3729 | D:4      | Found a runed translucent gate.
  3730 | D:4      | Found a runed translucent gate.
  3731 | D:4      | Found a runed translucent gate.
  3732 | D:4      | Noticed siradein's ghost (amateur DrHu)
  3733 | D:4      | Noticed a water moccasin
  3760 | D:4      | Learned a level 3 spell: Frozen Ramparts
  4925 | D:4      | Reached skill level 1 in Ice Magic
  4925 | D:4      | Reached XP level 5. HP: 38/38 MP: 1/11
  5534 | D:4      | Killed from afar by an orc wizard

Illustrated notes

Levels and vault maps discovered:
D:1:      matt_arrival_refuge, layout_rooms
D:2:      layout_loops_corners, basic_altar, hex_large
D:3:      layout_loops_ring, nicolae_overflow_crystal_walls,
          hellmonk_ecumenical_altar_blasted, minivault_5
D:4:      layout_cave_pods, makhleb_altar_promises_db, gammafunk_ghost_split

Skill      XL: |  1  2  3  4  5 |
---------------+----------------+-----
Air Magic      | 3 4 |  4.6
Conjurations   | 1 2 |  2.0
Spellcasting   | 2 |  2.4
Ice Magic      | 1 |  1.1
Dodging        | |  1.7
Stealth        | |  1.7

Action                   |  1- 3 |  4- 6 || total
-------------------------+-------+-------++-------
Melee: Whip              |    23 |     2 ||    25
       Punch             |     1 |       ||     1
 Cast: Shock             |    91 |    70 ||   161
  Use: Scroll            |     2 |     9 ||    11
Armor: Robe              |     5 |     3 ||     8
Dodge: Dodged            |    21 |    27 ||    48

Table legend: (Time is in decaauts)
 A = Elapsed time spent in this place.
 B = Non-inter-level travel time spent in this place.
 C = Inter-level travel time spent in this place.
 D = Time resting spent in this place.
 E = Time spent auto-exploring this place.
 F = Levels seen in this place.
 G = Mean time per level.
                   A        B        C        D        E       F      G
               +--------+--------+--------+--------+--------+-----+--------+
         Total |   5539 |   5407 |    132 |   2392 |   2533 |   4 | 1384.8 |
       Dungeon |   5539 |   5407 |    132 |   2392 |   2533 |   4 | 1384.8 |
               +--------+--------+--------+--------+--------+-----+--------+

Top non-repeatable levels by time:
     D:3: 1677 daAuts
     D:2: 1407 daAuts
     D:1: 1399 daAuts
     D:4: 1053 daAuts
